Map: Orbital Shipyard

Players

deluxe

  • Race: Protoss Protoss
  • League: Bronze

wabbajack - Winner!

  • Race: Zerg Zerg
  • League: Gold

VOD

Have the link to the VOD?

Description

Time

  • Played on: July 20, 2015, 11:07 a.m.
  • Length: 13:51
Show
View Real Time Build Order
Export as new Build Order

deluxe Protoss 

Build Orders: Nexus First 

Get SALT Encoding   

  12  0:01  Probe  
  13  0:20  Probe  
  14  0:37  Pylon  
  14  0:55  Probe (Chrono Boost)  
  15  1:00  Nexus  
  16  1:05  Probe (Chrono Boost)  
  16  1:10  Gateway  
  16  1:15  Probe  
  17  1:27  Probe (Chrono Boost)  
  18  1:37  Probe (Chrono Boost)  
  19  1:44  Probe (Chrono Boost)  
  21  1:55  Probe (Chrono Boost), Pylon  
  21  1:59  Cybernetics Core  
  21  2:03  Assimilator  
  21  2:05  Probe  
  21  2:06  Assimilator  
  22  2:15  Forge  
  22  2:19  Probe (Chrono Boost)  
  23  2:23  Probe (Chrono Boost)  
  25  2:34  Probe x2 (Chrono Boost)  
  25  2:35  Zealot  
  28  2:41  Probe (Chrono Boost)  
  28  2:43  Warp Gate (Chrono Boost)  
  29  2:49  Photon Cannon  
  29  2:51  Probe (Chrono Boost)  
  30  2:55  Probe (Chrono Boost)  
  32  2:59  Probe (Chrono Boost)  
  32  3:02  Probe  
  33  3:09  Probe (Chrono Boost)  
  34  3:14  Stalker  
  34  3:15  Probe (Chrono Boost)  
  34  3:19  Assimilator  
  37  3:21  Probe (Chrono Boost)  
  37  3:23  Protoss Ground Weapons Level 1 (Chrono Boost)  
  37  3:25  Assimilator  
  39  3:27  Probe (Chrono Boost)  
  39  3:33  Robotics Facility  
  39  3:35  Probe x2  
  41  3:47  Probe x2  
  43  3:58  Pylon  
  43  3:59  Probe  
  43  4:02  Pylon  
  44  4:04  Twilight Council  
  44  4:11  Pylon  
  44  4:15  Pylon  
  44  4:16  Probe (Chrono Boost)  
  46  4:17  Probe (Chrono Boost)  
  46  4:27  Probe (Chrono Boost)  
  46  4:28  Probe (Chrono Boost)  
  48  4:34  Probe (Chrono Boost)  
  35  4:40  Zealot  
  35  4:45  Photon Cannon  
  25  4:53  Mothership Core (Chrono Boost)  
  25  4:56  Probe (Chrono Boost)  
  22  5:05  Probe (Chrono Boost)  
  23  5:09  Probe (Chrono Boost)  
  23  5:12  Probe  
  25  5:19  Probe (Chrono Boost)  
  26  5:22  Photon Cannon  
  26  5:25  Probe (Chrono Boost)  
  27  5:31  Probe (Chrono Boost)  
  27  5:34  Probe (Chrono Boost)  
  29  5:41  Probe x2  
  31  5:53  Probe (Chrono Boost)  
  31  5:54  Probe (Chrono Boost)  
  33  6:05  Probe (Chrono Boost)  
  33  6:06  Stargate  
  33  6:07  Probe (Chrono Boost)  
  35  6:14  Probe (Chrono Boost)  
  32  6:28  Probe x2  
  33  6:43  Gateway  
  33  6:45  Gateway  
  33  6:48  Gateway  
  33  6:52  Cybernetics Core  
  31  6:54  Void Ray (Chrono Boost)  
  31  7:38  Void Ray (Chrono Boost)  
  19  8:34  Pylon  
  19  8:35  Probe (Chrono Boost)  
  20  8:46  Probe (Chrono Boost)  
  20  8:47  Void Ray  
  25  8:52  Probe  
  22  9:55  Gateway  
  22  9:59  Gateway  
  22  10:04  Nexus  
  22  10:09  Probe (Chrono Boost)  
  23  10:19  Probe (Chrono Boost)  
  24  10:26  Probe (Chrono Boost)  
  26  10:36  Probe (Chrono Boost), Photon Cannon  
  26  10:43  Probe  
  26  10:48  Sentry  
  26  10:49  Sentry x3  
  35  10:55  Probe (Chrono Boost)  
  36  11:07  Probe (Chrono Boost)  
  37  11:11  Robotics Bay  
  37  11:15  Probe (Chrono Boost)  
  38  11:20  Probe (Chrono Boost)  
  40  11:26  Probe (Chrono Boost)  
  40  11:31  Probe (Chrono Boost), Photon Cannon  
  42  11:33  Probe (Chrono Boost)  
  42  11:37  Probe (Chrono Boost)  
  43  11:47  Robotics Facility  
  43  11:48  Probe (Chrono Boost)  
  44  11:56  Stalker  
  44  11:58  Probe (Chrono Boost)  
  44  11:59  Probe (Chrono Boost)  
  49  12:09  Probe (Chrono Boost)  
  49  12:10  Probe (Chrono Boost)  
  50  12:20  Probe (Chrono Boost)  
  50  12:22  Probe (Chrono Boost)  
  51  12:39  Sentry  
  51  12:40  Sentry  
  50  12:45  Observer  
  26  13:01  Stalker x3  
Show
View Real Time Build Order
Export as new Build Order

wabbajack Zerg - Winner!

Build Orders: Hatch First, Lurkers 

Get SALT Encoding   

  12  0:01  Drone  
  13  0:09  Drone  
  14  0:17  Overlord  
  14  0:23  Drone, Extractor  
  15  0:36  Drone x2  
  17  0:54  Hatchery  
  17  0:56  Extractor  
  15  1:00  Drone  
  15  1:02  Drone  
  17  1:13  Drone  
  18  1:21  Spawning Pool  
  18  1:23  Extractor  
  18  1:25  Drone  
  17  1:38  Drone x2  
  19  1:49  Drone  
  20  2:01  Overlord  
  20  2:07  Queen  
  22  2:10  Zergling x2  
  22  2:15  Queen  
  23  2:22  Metabolic Boost  
  25  2:50  Pneumatized Carapace  
  25  2:56  Baneling Nest  
  24  3:01  Zergling x4  
  24  3:04  Drone x4  
  29  3:16  Overlord  
  29  3:26  Zergling x2  
  29  3:27  Zergling x6  
  33  3:38  Drone x5  
  38  3:44  Roach Warren  
  37  3:48  Baneling x2  
  37  3:50  Baneling x2  
  37  4:00  Overlord  
  37  4:06  Queen  
  37  4:07  Spine Crawler  
  38  4:31  Roach x7  
  50  4:59  Zergling x6  
  50  5:00  Zergling x4  
  51  5:09  Zergling x2, Extractor  
  52  5:14  Overlord x2  
  52  5:21  Spore Crawler  
  52  5:23  Spine Crawler  
  52  5:24  Spore Crawler  
  52  5:25  Drone, Spine Crawler  
  52  5:26  Drone x2  
  52  5:28  Overlord  
  51  5:37  Baneling x4  
  51  5:43  Lair  
  51  5:47  Drone x4  
  47  6:33  Zergling x2  
  47  6:34  Zergling x28  
  62  6:43  Overlord x2  
  62  6:53  Hatchery  
  55  7:28  Drone x3  
  56  7:30  Drone x3  
  56  7:31  Drone x2  
  56  7:33  Extractor  
  56  7:35  Extractor  
  55  7:40  Evolution Chamber, Hydralisk Den  
  55  7:41  Drone x3  
  55  7:42  Drone x3  
  44  8:21  Muscular Augments  
  44  8:22  Zerg Missile Weapons Level 1  
  44  8:24  Drone x4  
  48  8:27  Evolution Chamber  
  48  8:29  Drone  
  48  8:30  Drone x9  
  48  8:34  Queen  
  57  8:37  Hatchery  
  58  8:51  Hydralisk x8  
  74  8:58  Zerg Ground Armor Level 1  
  74  9:06  Queen  
  74  9:09  Spore Crawler  
  73  9:10  Spore Crawler  
  68  9:24  Lurker Den  
  69  9:52  Drone  
  69  9:53  Drone x2  
  69  9:54  Drone x5, Extractor  
  69  9:55  Overlord x2  
  69  9:56  Drone  
  69  9:57  Drone x4  
  69  9:58  Drone  
  81  10:00  Extractor  
  80  10:10  Queen  
  80  10:12  Overlord x2  
  80  10:13  Overlord x2  
  82  10:22  Zergling x2  
  82  10:23  Zergling x6  
  82  10:24  Zergling x8  
  90  10:32  Spine Crawler  
  90  10:33  Glial Reconstitution  
  89  10:38  Spire  
  88  10:57  Hydralisk x2  
  88  10:58  Hydralisk x5, Roach x4  
  88  10:59  Roach x5  
  88  11:00  Roach  
  122  11:06  Overseer x2  
  122  11:27  Lurker x5  
  122  11:28  Lurker  
  122  11:29  Hydralisk x5  
  122  11:32  Overlord x2  
  138  11:45  Roach x3  
  144  11:51  Hatchery  
  143  11:55  Roach x4  
  143  11:56  Roach x3  
Tags
 
Add a new tag
Caveats
  • Supply blocks, unpowered buildings, or Contaminate may cause inaccurate times.
  • Supply counts are checked every 10 seconds.